 Dungeon Crawl Stone Soup version 0.30-a0-121-gb27577e5d9 (webtiles) character file.

Game seed: 16446712455466447379

13412 fjbfvn the Unseen (level 11, -3/47 HPs)
             Began as a Spriggan Enchanter on Sept 14, 2022.
             Was a Follower of Dithmenos.
             Slain by a fire giant
             ... wielding a +2 great sword of flaming
              (29 damage)
             ... on level 10 of the Dungeon.
             The game lasted 00:22:44 (12333 turns).

fjbfvn the Unseen (Spriggan Enchanter)             Turns: 12333, Time: 00:22:45

Health: -3/47      AC:  6    Str: 12    XL:     11   Next: 75%
Magic:  27/29      EV: 17    Int: 16    God:    Dithmenos [*.....]
Gold:   615        SH:  5    Dex: 19    Spells: 26/37 levels left

rFire   + . .      SeeInvis +    a - +3 dagger (protect)
rCold   . . .      Faith    .    (no shield)
rNeg    . . .      Spirit   .    u - +2 robe
rPois   .          Reflect  +    (helmet restricted)
rElec   .          Harm     .    A - +1 cloak {rCorr}
rCorr   +          Rampage  .    (gloves unavailable)
Will    +....                    (boots unavailable)
Stlth   ++++++++..               d - amulet of reflection
HPRegen 0.15/turn                g - ring of protection from fire
MPRegen 0.21/turn                i - +6 ring of strength

@: mighty, wreathed by umbra, very quick
A: very small, no large weapons, unfitting armour, see invisible, speed 3
a: Renounce Religion


You were on level 10 of the Dungeon.
You worshipped Dithmenos.
Dithmenos was aware of your devotion.
You visited 2 branches of the dungeon, and saw 11 of its levels.

You collected 705 gold pieces.
You spent 90 gold pieces at shops.

Inventory:

Hand Weapons
 a - a +3 dagger of protection (weapon)
 z - the +4 dagger of Soisis {speed, rF++ rN+ Str+3 Int-2}
   (You found it on level 10 of the Dungeon)

   Attacks with this weapon are significantly faster.
   Str:       It affects your strength (+3).
   Int:       It affects your intelligence (-2).
   rF:        It greatly protects you from fire.
   rN:        It protects you from negative energy.
Armour
 u - a +2 robe (worn)
 A - a +1 cloak of preservation (worn)
Jewellery
 d - an amulet of reflection (around neck)
 e - a ring of resist corrosion
 g - a ring of protection from fire (left hand)
 i - a +6 ring of strength (right hand)
 p - a ring of ice
 s - a ring of fire
Wands
 m - a wand of light (22)
 t - a wand of digging (7)
Scrolls
 f - 3 scrolls of teleportation
 o - a scroll of enchant armour
 q - a scroll of amnesia
 r - 3 scrolls of fog
 v - a scroll of summoning
 w - 2 scrolls of torment
 x - a scroll of identify
 y - a scroll of magic mapping
Potions
 b - a potion of ambrosia
 c - a potion of invisibility
 h - 2 potions of brilliance
 j - a potion of might
 k - 3 potions of curing
 l - 2 potions of haste
 n - a potion of cancellation
Miscellaneous
 B - a phantom mirror


   Skills:
 - Level 1.1 Short Blades
 - Level 2.6 Dodging
 + Level 16.6 Stealth
 + Level 13.5 Spellcasting
 + Level 13.8 Hexes


You had 26 spell levels left.
You knew the following spells:

 Your Spells              Type           Power      Damage    Failure   Level
a - Ensorcelled Hibernat  Hex/Ice        64%        N/A       1%          2
b - Tukima's Dance        Hex            53%        N/A       1%          3
c - Dazzling Flash        Conj/Hex       64%        N/A       1%          3
d - Confusing Touch       Hex            53%        N/A       1%          3

Your spell library contained the following spells:

 Spells                   Type           Power      Damage    Failure   Level
 Inner Flame              Hex/Fire       32%        N/A       1%          3
 Foxfire                  Conj/Fire      40%        2x1d6     6%          1
 Passwall                 Tmut/Erth      8%         N/A       10%         2
 Silence                  Hex/Air        16%        N/A       11%         5
 Kindle Blastsparks       Fire/Tloc/Air  20%        2d11      19%         3
 Swiftness                Air            10%        N/A       19%         3
 Flame Wave               Conj/Fire      10%        2d6       54%         4
 Agony                    Necr           10%        N/A       87%         5


Dungeon Overview and Level Annotations

Branches:
Dungeon (10/15)            Temple (1/1) D:4            Lair (0/5) D:8
    Orc: D:9-12

Altars:
Ashenzari
Cheibriados
Dithmenos
Elyvilon
Fedhas
Gozag
Hepliaklqana
Kikubaaqudgha
Makhleb
Nemelex Xobeh
Okawaru
Qazlal
Ru
Sif Muna
Uskayaw
Vehumet
Wu Jian
Xom
Yredelemnul
Zin
The Shining One

Shops:
D:1 (   D:8 [


Innate Abilities, Weirdness & Mutations

You are very small and have problems with some larger weapons.
You are too small for most types of armour.
You have supernaturally acute eyesight. (SInv)
You cover ground extremely quickly. (Speed+++)


Message History

B - a phantom mirror
There is an open door here.
Things that are here:
a +0 scimitar; a +0 chain mail
There is a fountain of clear blue water here.
Things that are here:
a +0 spear; a +0 ring mail; a +0 kite shield
There is a fountain of clear blue water here.
Things that are here:
a +0 scimitar; a +0 chain mail
There is an open door here.
There is an open door here.
Things that are here:
a +0 scimitar; a +0 chain mail A fire giant comes into view.
It is wielding a +2 great sword of flaming.
There is a fountain of clear blue water here.
Things that are here:
a +0 spear; a +0 ring mail; a +0 kite shield You feel very mighty all of a sudden.
Unknown command.
Unknown command.
Casting: Tukima's Dance (safe; 1% risk of failure)
Confirm with . or Enter, or press ? or * to list all spells.
Your hands begin to glow red.
The fire giant shouts!
You hear a horrible gurgling sound!
Unknown command.
You hit the fire giant but do no damage.
The fire giant hits you with a +2 great sword of flaming!
The fire giant burns you.
You hit the fire giant but do no damage.
You block the fire giant's attack.
You hit the fire giant but do no damage.
The fire giant misses you.
Okay, then.
Unknown command.
You hit the fire giant but do no damage.
The fire giant appears confused.
The fire giant hits you with a +2 great sword of flaming!!
Ouch! That really hurt!
You die...

###..()..#
#......#.#
###....#.#
#....#.# ####'#.#
. ###...#.# ....
###.....#.#
.....#.......#.#
⌠....'C@)⌠)..'.#
.....#.......###
... ###.....# .
###...# ####'#
##### #....#
#...# ###....#
##...## #......#
#.....####.....(#


You could see a fire giant (confused).

Vanquished Creatures
  A fire giant (D:10)
  A stone giant (D:10)
  An ogre mage (D:10)
  2 two-headed ogres (D:10)
  A boulder beetle (D:10)
  Pikel (D:7)
  An orc knight (D:10)
  A deep elf pyromancer (D:10)
  A wolf spider (D:10)
  Joseph (D:7)
  An unseen horror (D:10)
  A komodo dragon (D:8)
  A troll (D:10)
  3 slime creatures (D:9)
  8 yaks
  2 wraiths
  2 wyverns
  A shadow (D:10)
  A basilisk (D:8)
  Menkaure (D:6)
  3 steam dragons
  3 acid dragons
  2 ice beasts
  6 orc warriors
  5 centaurs
  3 phantoms
  2 kobold brigands
  A bullfrog (D:8)
  2 gnoll sergeants
  2 necrophages (D:5)
  3 killer bees (D:8)
  A howler monkey (D:10)
  3 jellies
  An orc priest (D:8)
  Natasha (thrice) (D:3)
  6 orc wizards
  Robin (D:2)
  4 gnolls (D:8)
  9 adders
  2 white imps
  2 ufetubi
  3 worms
  3 dart slugs
  20 orcs
  6 ball pythons
  6 endoplasms
  4 giant cockroaches
  19 goblins
  10 hobgoblins
  6 jackals
  4 quokkas
  2 bats (D:2)
  2 frilled lizards
  17 kobolds
  4 rats
  A spectral orc (D:3)
203 creatures vanquished.

Vanquished Creatures (collateral kills)
  A two-headed ogre (D:10)
  A kobold brigand (D:8)
  An orc priest (D:9)
  A gnoll (D:8)
  An orc (D:9)
5 creatures vanquished.

Vanquished Creatures (others)
  3 dancing weapons
  A human (D:3)
4 creatures vanquished.

Grand Total: 212 creatures vanquished

Notes
Turn   | Place    | Note
-------+----------+-------------------------------------------
     0 | D:1      | fjbfvn the Spriggan Enchanter began the quest for the Orb.
     0 | D:1      | Reached XP level 1. HP: 9/9 MP: 5/5
   148 | D:1      | Reached XP level 2. HP: 13/13 MP: 7/7
   180 | D:1      | Learned a level 2 spell: Ensorcelled Hibernation
   334 | D:1      | You fall into a shaft and drop 1 floor!
   356 | D:2      | Reached XP level 3. HP: 16/16 MP: 3/9
   744 | D:1      | Found Quder's Antique Weapon Shop.
  1097 | D:1      | Learned a level 3 spell: Tukima's Dance
  1101 | D:1      | Learned a level 3 spell: Confusing Touch
  1392 | D:2      | Noticed Robin
  1393 | D:2      | Found an ancient bone altar of Kikubaaqudgha.
  1442 | D:2      | Reached XP level 4. HP: 18/21 MP: 11/11
  1503 | D:2      | Killed Robin
  1504 | D:2      | Reached skill level 5 in Hexes
  2080 | D:3      | Noticed Natasha
  2093 | D:3      | Killed Natasha
  2094 | D:3      | Reached skill level 5 in Spellcasting
  2094 | D:3      | Reached XP level 5. HP: 23/24 MP: 3/13
  2263 | D:3      | Noticed Natasha
  2275 | D:3      | Killed Natasha
  2351 | D:3      | Found a faded altar of an unknown god.
  2434 | D:3      | Found an ancient bone altar of Kikubaaqudgha.
  2435 | D:3      | Noticed a human
  2457 | D:3      | Killed a human
  2612 | D:3      | Found a hazy altar of Hepliaklqana.
  3170 | D:3      | Noticed Natasha
  3179 | D:3      | Killed Natasha
  3180 | D:3      | Reached skill level 5 in Stealth
  3744 | D:4      | Found a staircase to the Ecumenical Temple.
  3750 | Temple   | Entered the Ecumenical Temple
  3957 | D:4      | Found a white marble altar of Elyvilon.
  4517 | D:5      | Entered Level 5 of the Dungeon
  4517 | D:5      | Noticed a phantom
  4540 | D:5      | Killed a phantom
  4541 | D:5      | Reached XP level 6. HP: 20/28 MP: 12/15
  4660 | D:5      | Reached skill level 6 in Stealth
  5073 | D:5      | Found Zin's Purification Station.
  5076 | D:5      | Found a glowing silver altar of Zin.
  5079 | D:5      | Bought a potion of curing for 90 gold pieces
  5152 | D:5      | Found an iron altar of Okawaru.
  5347 | D:6      | Found a blossoming altar of Fedhas.
  5480 | D:6      | Noticed Menkaure
  5482 | D:6      | Killed Menkaure
  5483 | D:6      | Reached XP level 7. HP: 32/32 MP: 17/17
  5508 | D:6      | Reached skill level 7 in Stealth
  6580 | D:6      | Learned a level 3 spell: Dazzling Flash
  6595 | D:6      | Reached skill level 8 in Stealth
  7063 | D:7      | Noticed a yak
  7065 | D:7      | Noticed a yak
  7067 | D:7      | Noticed a yak
  7077 | D:7      | Killed a yak
  7078 | D:7      | Reached XP level 8. HP: 17/36 MP: 13/20
  7239 | D:7      | Reached skill level 9 in Stealth
  7311 | D:7      | Noticed Joseph
  7325 | D:7      | Killed Joseph
  7326 | D:7      | Reached skill level 10 in Stealth
  7884 | D:7      | Reached XP level 9. HP: 34/39 MP: 15/23
  7907 | D:7      | Reached skill level 11 in Stealth
  8073 | D:7      | Noticed Pikel
  8081 | D:7      | Killed Pikel
  8082 | D:7      | Reached skill level 10 in Spellcasting
  8082 | D:7      | Reached skill level 10 in Hexes
  8258 | D:7      | Reached skill level 12 in Stealth
  8629 | D:8      | Found Muemih's Superior Scales.
  9219 | D:8      | Reached XP level 10. HP: 44/44 MP: 20/25
  9242 | D:8      | HP: 2/44 [acid dragon/splash of acid (27)]
  9570 | D:8      | Reached skill level 13 in Stealth
  9626 | D:8      | Found a staircase to the Lair.
  9738 | D:8      | Found a shadowy altar of Dithmenos.
  9759 | D:8      | Became a worshipper of Dithmenos the Shadowed
 10817 | D:9      | Reached skill level 14 in Stealth
 10882 | D:9      | Reached * piety under Dithmenos
 11227 | D:10     | Entered Level 10 of the Dungeon
 11377 | D:10     | Noticed a two-headed ogre
 11403 | D:10     | Killed a two-headed ogre
 11407 | D:10     | Reached XP level 11. HP: 37/47 MP: 2/28
 11532 | D:10     | Noticed a boulder beetle
 11532 | D:10     | Noticed a stone giant
 11532 | D:10     | Noticed a fire giant
 11532 | D:10     | Noticed a deep elf pyromancer
 11538 | D:10     | Noticed a wolf spider
 11541 | D:10     | Killed a fire giant
 11542 | D:10     | Reached skill level 15 in Stealth
 11549 | D:10     | Killed a wolf spider
 11550 | D:10     | Killed a deep elf pyromancer
 11564 | D:10     | Killed a stone giant
 11569 | D:10     | Killed a boulder beetle
 11577 | D:10     | Identified the +4 dagger of Soisis {speed, rF++ rN+ Str+3
                  | Int-2}
 11617 | D:10     | Noticed an ogre mage
 11618 | D:10     | Noticed a two-headed ogre
 11871 | D:10     | Killed a two-headed ogre
 11872 | D:10     | Reached skill level 16 in Stealth
 11893 | D:10     | Noticed an orc knight
 12007 | D:10     | Killed an orc knight
 12033 | D:10     | Paralysed by an ogre mage for 2 turns
 12045 | D:10     | Killed an ogre mage
 12077 | D:10     | Noticed a two-headed ogre
 12085 | D:10     | Killed a two-headed ogre
 12325 | D:10     | Noticed a fire giant
 12333 | D:10     | Slain by a fire giant

Illustrated notes

Levels and vault maps discovered:
D:1:      psy_arrival_dodecagon, layout_loops_ring, serial_shops,
          nicolae_shop_window_shopping, serial_bayou_pond_b, minmay_fountain_box
D:2:      minmay_chambers_of_twos, layout_rooms, basic_altar, uniq_robin
D:3:      layout_loops_ring, tgw_kikubaaqudgha,
          nicolae_hepliaklqana_monster_ancestors,
          hellmonk_ecumenical_altar_dog_temple, st_stairs_6, uniq_natasha
D:4:      layout_basic, elyvilon_altar_1, minmay_temple_entry_enclosed_plants,
          kennysheep_crisscross, bh_walls_and_bars
D:5:      layout_rooms, okawaru_metal_pillars_1_2, zin_purify
D:6:      layout_basic, amcnicky_altar_gilded, ebering_dispersal_statue_hall,
          minmay_misc_feat_columns, minmay_misc_feat_tower,
          hangedman_decor_growths, uniq_menkaure
D:7:      layout_gridville, uniq_joseph, uniq_pikel
D:8:      layout_loops_ring, mainiacjoe_overflow_chevrons, erik_lair_dragon,
          hellmonk_scale_shop
D:9:      layout_irregular_city
D:10:     layout_stronghold, lemuel_tele_altar, nicolae_rejected_hall,
          uniq_gastronok
Temple:   eino_temple_lava

Skill      XL: |  1  2  3  4  5  6  7  8  9 10 11 |
---------------+----------------------------------+-----
Spellcasting   | 3 4 5 6 7 9 10 12 13 | 13.5
Hexes          | 4 5 6 7 8 9 10 12 13 | 13.8
Stealth        | 5 6 8 10 12 14 16 | 16.6
Short Blades   | |  1.1
Dodging        | |  2.6

Action                   |  1- 3 |  4- 6 |  7- 9 | 10-12 || total
-------------------------+-------+-------+-------+-------++-------
Melee: Dagger            |   111 |   230 |   114 |   172 ||   627
       Punch             |     1 |     2 |     1 |     4 ||     8
 Cast: Ensorcelled Hiber |     3 |    24 |    42 |    48 ||   117
       Confusing Touch   |       |     5 |     5 |     7 ||    17
       Tukima's Dance    |       |       |     2 |    13 ||    15
Evoke: Wand              |       |       |     3 |     5 ||     8
  Use: Scroll            |     5 |    10 |     6 |     3 ||    24
       Potion            |       |     1 |       |     8 ||     9
 Stab: Sleeping          |    11 |    26 |    38 |    34 ||   109
       Distracted        |     1 |       |       |     2 ||     3
       Confused          |       |     5 |     5 |     4 ||    14
       Invisible         |       |       |       |     8 ||     8
Armor: Robe              |    14 |    46 |    21 |    19 ||   100
Dodge: Dodged            |    67 |   174 |    70 |   116 ||   427
Block: Other             |    19 |    44 |    21 |    35 ||   119
       Reflection        |       |       |       |     2 ||     2

Table legend: (Time is in decaauts)
 A = Elapsed time spent in this place.
 B = Non-inter-level travel time spent in this place.
 C = Inter-level travel time spent in this place.
 D = Time resting spent in this place.
 E = Time spent auto-exploring this place.
 F = Levels seen in this place.
 G = Mean time per level.
                   A        B        C        D        E       F      G
               +--------+--------+--------+--------+--------+-----+--------+
         Total |   9535 |   9097 |    438 |    666 |   6848 |  11 |  866.8 |
       Dungeon |   9488 |   9052 |    436 |    666 |   6818 |  10 |  948.8 |
        Temple |     46 |     44 |      2 |      0 |     30 |   1 |   46.0 |
               +--------+--------+--------+--------+--------+-----+--------+

Top non-repeatable levels by time:
     D:8: 1344 daAuts
     D:6: 1322 daAuts
     D:7: 1060 daAuts
     D:3: 998 daAuts
    D:10: 970 daAuts
     D:4: 963 daAuts
     D:1: 730 daAuts
     D:2: 723 daAuts
     D:9: 708 daAuts
     D:5: 667 daAuts
  Temple: 46 daAuts
